Map: Pylon LE

Players

bluelord - Winner!

  • Race: Zerg Zerg
  • League: Master
  • Spawn Location: 5:00

ManlyManMeat

  • Race: Zerg Zerg
  • League: Master
  • Spawn Location: 11:00

VOD

Have the link to the VOD?

Description

Time

  • Played on: May 18, 2025, 9:01 a.m.
  • Length: 4:52
Show
View Real Time Build Order
Export as new Build Order

bluelord Zerg - Winner!

Build Orders: Hatch First 

Get SALT Encoding   

  12  0:07  Overlord  
  12  0:14  Drone  
  12  0:18  Drone  
  14  0:26  Drone  
  15  0:30  Drone  
  16  0:41  Drone  
  17  0:54  Hatchery  
  17  0:56  Drone  
  17  1:02  Drone  
  18  1:10  Extractor  
  17  1:16  Spawning Pool  
  17  1:17  Drone  
  17  1:24  Drone  
  18  1:35  Drone  
  19  1:45  Drone  
  20  2:03  Queen  
  20  2:06  Queen  
  20  2:07  Zergling x4  
  26  2:09  Overlord  
  26  2:11  Metabolic Boost  
  26  2:17  Drone  
  26  2:18  Drone  
  28  2:27  Roach Warren  
  28  2:29  Drone  
  28  2:33  Drone  
  29  2:38  Drone  
  30  2:50  Overlord  
  30  2:51  Overlord  
  30  2:53  Overlord  
  30  2:59  Overlord  
  30  3:18  Queen  
  30  3:23  Roach  
  30  3:24  Roach x3  
  38  3:32  Roach  
  38  3:33  Roach x2  
  41  3:49  Zergling x2  
  41  3:50  Zergling x10  
  45  4:04  Drone  
  45  4:06  Roach  
  45  4:07  Roach x2  
  52  4:16  Roach x2  
  56  4:25  Zergling x2  
  56  4:26  Zergling x2  
Show
View Real Time Build Order
Export as new Build Order

ManlyManMeat Zerg 

Build Orders: Hatch First 

Get SALT Encoding   

  12  0:00  Drone  
  13  0:09  Drone  
  14  0:18  Overlord  
  14  0:38  Drone x2  
  16  0:49  Drone, Hatchery  
  16  0:56  Drone  
  17  1:10  Spawning Pool  
  16  1:18  Drone x2  
  18  1:22  Extractor  
  18  1:24  Drone  
  18  1:48  Drone  
  18  1:53  Overlord  
  19  1:56  Queen  
  19  2:01  Queen  
  21  2:03  Zergling x4  
  25  2:12  Overlord  
  25  2:17  Zergling x4  
  27  2:29  Drone x2  
  29  2:39  Zergling x4  
  29  2:44  Metabolic Boost  
  31  2:47  Baneling Nest  
  31  2:50  Zergling x2  
  31  2:51  Zergling x2  
  30  3:20  Zergling x8  
  30  3:23  Overlord x3  
  34  3:29  Lair  
  34  3:53  Zergling x10  
  34  3:54  Zergling x4  
  37  4:03  Overlord  
  37  4:04  Overlord  
  37  4:17  Baneling x3  
  37  4:18  Baneling  
  37  4:20  Baneling x2  
  37  4:21  Drone  
  37  4:22  Drone x2  
  40  4:24  Baneling  
Tags
 
Add a new tag
Caveats
  • Supply blocks, unpowered buildings, or Contaminate may cause inaccurate times.
  • Supply counts are checked every 10 seconds.